 Dungeon Crawl Stone Soup version 0.16.2-2-g470672f (webtiles) character file.

12777 dvd the Blocker (level 11, -10/97 HPs)
             Began as a Minotaur Fighter on Aug 30, 2015.
             Was an Elder of Dithmenos.
             Killed by the air
             ... invoked by Gastronok
              (30 damage)
             ... on level 2 of the Lair of Beasts.
             The game lasted 01:30:56 (12717 turns).

dvd the Blocker (Minotaur Fighter)                 Turns: 12717, Time: 01:30:56

Health: -10/97     AC:  9    Str: 23    XL:     11   Next: 66%
Magic:  0/4        EV: 14    Int:  5    God:    Dithmenos [****..]
Gold:   708        SH: 13    Dex: 11    Spells: 0 memorised, 10 levels left

rFire  + . .     SeeInvis .     B - +6 mace (crush)
rCold  . . .     Clarity  .     w - +0 ring mail {MR+}
rNeg   . . .     SustAb   .     c - +1 shield
rPois  +         Gourm    .     (helmet restricted)
rElec  .         Spirit   +     l - +0 cloak
rCorr  .         Warding  .     g - +0 pair of gloves
rMut   .         Stasis   .     (no boots)
MR     +....                    y - amulet of guardian spirit
Stlth  +.........               j - ring of poison resistance
                                N - ring of protection from fire

@: wreathed by umbra, somewhat resistant to hostile enchantments, very
unstealthy
A: retaliatory headbutt, horns 2, spit poison 1
a: Spit Poison, Shadow Step, Renounce Religion


You were on level 2 of the Lair of Beasts.
You worshipped Dithmenos.
Dithmenos was greatly pleased with you.
You were very hungry.

You visited 3 branches of the dungeon, and saw 12 of its levels.
You also visited: Ossuary.

You collected 708 gold pieces.

Inventory:

Hand weapons
 x - a +1 dagger of draining
 B - a +6 mace of crushing (weapon)
 K - a +0 war axe
 Q - a +2 long sword of freezing
 R - a +3 scimitar of electrocution
Missiles
 q - a throwing net
 E - 8 tomahawks (quivered)
Armour
 b - a +0 buckler of fire resistance
 c - a +1 shield (worn)
 g - a +0 pair of gloves (worn)
 l - a +0 cloak (worn)
 w - a +0 ring mail of magic resistance (worn)
 J - a +0 plate armour
Jewellery
 j - a ring of poison resistance (right hand)
 o - an uncursed ring of wizardry
 p - an uncursed amulet of rage
 y - an amulet of guardian spirit (around neck)
 A - an uncursed ring of flight
 C - an uncursed ring of protection from fire
 N - a ring of protection from fire (left hand)
 U - an uncursed ring of fire
Magical devices
 m - a wand of magic darts (18)
 P - a wand of polymorph (13)
 S - a wand of slowing (30)
 V - a wand of paralysis (7)
Scrolls
 e - a scroll of magic mapping
 h - 5 scrolls of teleportation
 k - 4 scrolls of remove curse
 u - a scroll of fog
 F - 3 scrolls of fear
 M - a scroll of recharging
Potions
 a - a potion of ambrosia {unknown}
 f - 4 potions of flight
 i - 2 potions of cancellation
 n - 7 potions of curing
 s - 2 potions of heal wounds
 t - a potion of magic
 z - 3 potions of haste
 G - a potion of brilliance
 L - a potion of berserk rage
Books
 T - a book of Geomancy

   Spells                             Type                      Level
   a - Sandblast                      Earth                        1
   b - Stoneskin                      Transmutation/Earth          2
   c - Passwall                       Transmutation/Earth          3
   d - Stone Arrow                    Conjuration/Earth            3
   e - Petrify                        Transmutation/Earth          4
   f - Lee's Rapid Deconstruction     Earth                        5
Comestibles
 d - 5 bread rations
 v - 3 meat rations
 D - 20 fruits
 H - 5 beef jerkies
 I - 7 slices of pizza
 O - a royal jelly


   Skills:
 + Level 9.0 Fighting
 + Level 4.8 Long Blades
 + Level 8.3 Maces & Flails
 + Level 5.9 Throwing
 + Level 9.3 Armour
 + Level 8.8 Dodging
 + Level 1.6 Stealth
 + Level 11.7 Shields


You had 10 spell levels left.
You didn't know any spells.

Dungeon Overview and Level Annotations

Branches:
Dungeon (9/15)             Temple (1/1) D:4            Lair (2/8) D:9
    Orc: D:9-12

Altars:
Ashenzari
Cheibriados
Dithmenos
Elyvilon
Fedhas
Gozag
Kikubaaqudgha
Makhleb
Nemelex Xobeh
Okawaru
Qazlal
Ru
Sif Muna
Trog
Vehumet
Xom
Yredelemnul
Zin
The Shining One

Annotations:
Lair:2 Gastronok


Innate Abilities, Weirdness & Mutations

You reflexively headbutt those who attack you in melee.
You have a pair of horns on your head.
You can spit poison.


Message History

You throw a tomahawk. The tomahawk hits Gastronok!
Gastronok is heavily wounded.
You hit Gastronok.
You headbutt Gastronok, but do no damage.
Gastronok is heavily wounded.
You thump Gastronok!
Gastronok is heavily wounded.
Gastronok bites you!!
You thump Gastronok! You headbutt Gastronok.
Gastronok is severely wounded.
You completely miss Gastronok. You headbutt Gastronok.
Gastronok is severely wounded.
Gastronok waves his eye-stalks in wide circles.
The air twists around and strikes you!
* * * LOW HITPOINT WARNING * * *
Gastronok looks at you and mumbles some strange words.
You resist with significant effort.
Gastronok waves his eye-stalks in wide circles.
The air twists around and strikes you!
You die...

...# ##...# .(.#
..P######... ###(.##
..###..#...####.#(..#
.................w.#
................:..#
.##.#.##....#####..#
..##.#..#....#P#P..#
...................##
.........>......@...#
...........#.#.P...P#
............###....##
....................#
...................###
#.#P.P...............#
...................###
....................#
######.##..#.####.P##


You could see Gastronok.

Vanquished Creatures
  The ghost of dvd the Basher, a powerful OgBe of Trog (Lair:2)
  A hydra (Lair:2)
  Joseph (D:7)
  A gargoyle (D:8)
  2 spiny frogs
  The ghost of raikaria the Bolt Thrower, an experienced KoAM of Okawaru (D:4)
  A komodo dragon (Lair:2)
  A fire drake (D:9)
  The ghost of dearth the Cudgeler, an average MiFi (Ossuary)
  4 blink frogs (Lair:2)
  Grinder (D:6)
  Prince Ribbit (D:9)
  A wraith (Ossuary)
  A basilisk (Lair:2)
  A human (D:8)
  Eustachio (D:8)
  2 hungry ghosts
  10 yaks
  5 wolves (Lair:2)
  A hippogriff (Lair:2)
  2 water moccasins
  Edmund (D:8)
  A wasp (D:9)
  3 orc warriors
  3 sky beasts
  A porcupine (Lair:2)
  2 black bears
  4 phantoms
  An ice beast (D:5)
  6 ogres
  Sigmund (D:7)
  9 giant frogs
  The ghost of dvd the Conjurer, an average DECj (D:3)
  A big kobold (D:9)
  2 killer bees (D:8)
  5 scorpions
  4 wights (D:9)
  2 goliath beetles (D:4)
  3 crimson imps
  2 jellies (D:5)
  5 hounds
  6 orc priests
  A giant frog skeleton (D:6)
  A quasit (D:8)
  4 iguanas
  7 orc wizards
  7 sheep
  4 worker ants
  Ijyb (D:6)
  A hound skeleton (D:9)
  2 mummies
  Robin (D:2)
  A gnoll (D:1)
  7 river rats
  19 adders
  3 worms
  3 giant mites
  An ufetubus (D:8)
  An adder skeleton (D:7)
  2 adder zombies
  4 giant geckos
  3 oozes
  22 orcs
  2 bat zombies
  6 giant cockroaches
  17 goblins
  16 hobgoblins
  24 kobolds
  9 quokkas
  3 ball pythons
  13 bats
  A giant gecko skeleton (D:7)
  4 giant newts
  4 gnoll skeletons (Ossuary)
  9 jackals (D:2)
  A jackal zombie (D:5)
  7 kobold skeletons (Ossuary)
  14 orc skeletons (Ossuary)
  A quokka skeleton (D:8)
  13 rats
342 creatures vanquished.

Vanquished Creatures (others)
  2 fungi (Lair:2)
  15 plants (Lair:2)
17 creatures vanquished.

Grand Total: 359 creatures vanquished

Notes
Turn   | Place    | Note
--------------------------------------------------------------
     0 | D:1      | dvd, the Minotaur Fighter, began the quest for the Orb.
     0 | D:1      | Reached XP level 1. HP: 19/19 MP: 1/1
    95 | D:1      | Reached XP level 2. HP: 20/27 MP: 1/1
   343 | D:1      | Reached skill level 4 in Shields
   600 | D:1      | Reached XP level 3. HP: 33/33 MP: 2/2
   771 | D:1      | You fall through a shaft!
   850 | D:2      | Found a bloodstained altar of Trog.
  1180 | D:2      | Reached XP level 4. HP: 39/41 MP: 2/2
  1878 | D:2      | Noticed Robin
  1912 | D:2      | Killed Robin
  1912 | D:2      | Reached XP level 5. HP: 25/47 MP: 2/2
  2384 | D:3      | Reached skill level 1 in Dodging
  2401 | D:3      | Reached skill level 5 in Armour
  2693 | D:3      | Found a sparkling altar of Nemelex Xobeh.
  2839 | D:3      | Reached skill level 5 in Fighting
  3150 | D:4      | Noticed raikaria's ghost (experienced KoAM)
  3176 | D:3      | Noticed dvd's ghost (average DECj)
  3188 | D:3      | Killed dvd's ghost
  3188 | D:3      | Reached skill level 5 in Shields
  3188 | D:3      | Reached XP level 6. HP: 45/56 MP: 3/3
  3670 | D:4      | Killed raikaria's ghost
  3670 | D:4      | Reached XP level 7. HP: 47/61 MP: 3/3
  3820 | D:4      | Reached skill level 6 in Armour
  4029 | D:4      | Found a staircase to the Ecumenical Temple.
  4039 | Temple   | Entered the Ecumenical Temple
  4151 | Temple   | Became a worshipper of Dithmenos the Shadowed
  4566 | D:4      | Reached skill level 1 in Throwing
  4781 | D:5      | Entered Level 5 of the Dungeon
  4927 | D:5      | Reached XP level 8. HP: 68/70 MP: 3/3
  5125 | D:5      | Reached skill level 7 in Armour
  5132 | D:5      | Reached skill level 1 in Maces & Flails
  6051 | D:6      | Noticed Grinder
  6057 | D:6      | Killed Grinder
  6057 | D:6      | Reached skill level 8 in Shields
  6101 | D:6      | Reached XP level 9. HP: 75/78 MP: 4/4
  6123 | D:6      | Found a deep blue altar of Sif Muna.
  6504 | D:6      | Noticed Ijyb
  6514 | D:6      | Killed Ijyb
  6969 | D:7      | Acquired Dithmenos' first power
  7055 | D:7      | Found a sand-covered staircase.
  7082 | Ossuary  | Entered an ossuary
  7093 | Ossuary  | Noticed dearth's ghost (average MiFi)
  7112 | Ossuary  | Killed dearth's ghost
  7112 | Ossuary  | Reached skill level 1 in Stealth
  7112 | Ossuary  | Reached skill level 9 in Shields
  7162 | Ossuary  | Identified a scroll of acquirement
  7341 | Ossuary  | Reached skill level 5 in Dodging
  7728 | D:7      | Noticed Joseph
  7748 | D:7      | Killed Joseph
  7748 | D:7      | Reached skill level 5 in Maces & Flails
  8209 | D:7      | Noticed Sigmund
  8223 | D:7      | Killed Sigmund
  8394 | D:8      | Found an ancient bone altar of Kikubaaqudgha.
  8522 | D:8      | Reached XP level 10. HP: 80/86 MP: 3/4
  8535 | D:8      | Acquired Dithmenos' second power
  8732 | D:8      | Noticed a gargoyle
  8746 | D:8      | Killed a gargoyle
  8781 | D:8      | Noticed Eustachio
  8814 | D:8      | Killed Eustachio
  9002 | D:8      | Reached skill level 10 in Shields
  9256 | D:8      | Noticed Edmund
  9266 | D:8      | Killed Edmund
  9375 | D:8      | Found a burning altar of Makhleb.
  9645 | D:9      | Found a staircase to the Lair.
  9665 | D:9      | Found a deep blue altar of Sif Muna.
  9695 | D:9      | Found a basalt altar of Yredelemnul.
  9759 | D:9      | Found a shimmering altar of Xom.
  9902 | D:9      | Reached skill level 5 in Throwing
  9941 | D:9      | Acquired Dithmenos' third power
 10156 | D:9      | Noticed Prince Ribbit
 10164 | D:9      | Killed Prince Ribbit
 10425 | Lair:1   | Entered Level 1 of the Lair of Beasts
 10669 | Lair:1   | Reached XP level 11. HP: 66/94 MP: 3/4
 11199 | Lair:2   | Reached skill level 11 in Shields
 11624 | Lair:2   | Noticed a four-headed hydra
 11633 | Lair:2   | Killed a four-headed hydra
 12148 | Lair:2   | Gained mutation: You can spit poison. [potion of beneficial mutation]
 12571 | Lair:2   | Noticed dvd's ghost (powerful OgBe)
 12607 | Lair:2   | Killed dvd's ghost
 12698 | Lair:2   | Noticed Gastronok
 12717 | Lair:2   | Killed from afar by Gastronok

Action                   |  1- 3 |  4- 6 |  7- 9 | 10-12 || total
-------------------------+-------+-------+-------+-------++-------
Melee: Long sword        |    76 |   317 |    92 |       ||   485
       Mace              |       |       |   313 |   414 ||   727
Throw: Tomahawk          |       |    15 |    60 |    78 ||   153
  Use: Scroll            |       |     8 |    14 |     7 ||    29
       Potion            |       |       |     5 |     7 ||    12
 Stab: Distracted        |       |       |       |     1 ||     1
  Eat: Chunk             |     1 |     6 |     5 |    13 ||    25
       Bread ration      |       |     1 |     1 |       ||     2
       Meat ration       |       |       |     1 |       ||     1
       Royal jelly       |       |       |     1 |       ||     1
